 Dungeon Crawl Stone Soup version 0.30-a0-782-ge64f9170bb (webtiles) character file.

Game seed: 7818007955440376379

4641 vineage the Fighter (level 10, -11/68 HPs)
             Began as a Gargoyle Fighter on Mar 8, 2023.
             Killed from afar by a steam dragon (14 damage)
             ... with a ball of steam
             ... on level 8 of the Dungeon.
             The game lasted 00:08:04 (8586 turns).

vineage the Fighter (Gargoyle Fighter)              Turns: 8586, Time: 00:08:05

Health: -11/68     AC: 25    Str: 23    XL:     10   Next: 43%
Magic:  10/10      EV:  5    Int:  8    God:
Gold:   445        SH: 11    Dex: 17    Spells: 9/9 levels left

rFire   . . .      SeeInvis .    v - +1 morningstar
rCold   . . .      Faith    .    w - +0 kite shield
rNeg    + . .      Spirit   .    l - +0 plate armour
rPois   ∞          Reflect  .    r - +0 helmet
rElec   +          Harm     .    e - +1 cloak
rCorr   .          Rampage  .    (no gloves)
Will    .....                    t - +0 pair of boots Stlth
                                 (no amulet)
HPRegen 0.31/turn                g - +6 ring of dexterity
MPRegen 0.12/turn                (no ring)

@: invisible
A: sickness immunity, AC +7, negative energy resistance 1, electricity
resistance, torment resistance 1, petrification resistance
a: no special abilities


You were on level 8 of the Dungeon.
You visited 2 branches of the dungeon, and saw 9 of its levels.

You collected 445 gold pieces.

Inventory:

Hand Weapons
 a - a +0 flail
 u - a +1 flail of holy wrath
 v - a +1 morningstar (weapon)
Missiles
 h - a throwing net (quivered)
Armour
 c - a +0 buckler
 e - a +1 cloak (worn)
 l - a +0 plate armour (worn)
 r - a +0 helmet (worn)
 t - a +0 pair of boots (worn)
 w - a +0 kite shield (worn)
Jewellery
 g - a +6 ring of dexterity (left hand)
Potions
 d - a potion of might
 f - 2 potions of mutation
 i - 2 potions of haste {unknown}
 j - 5 potions of lignification
 k - a potion of curing
 m - a potion of magic {unknown}
 n - a potion of degeneration {unknown}
 o - 3 potions of flight
 q - 2 potions of brilliance
 s - 3 potions of attraction {unknown}


   Skills:
 * Level 10.9 Fighting
 + Level 6.9 Maces & Flails
 + Level 8.1 Armour
 + Level 8.1 Shields


You had 9 spell levels left.
You didn't know any spells.
Your spell library contained the following spells:

 Spells                   Type           Power      Damage    Failure   Level
 Apportation              Tloc           0%         N/A       100%        1
 Necrotise                Necr           0%         1d4       100%        1
 Summon Small Mammal      Summ           0%         N/A       100%        1
 Stone Arrow              Conj/Erth      0%         3d7       100%        3
 Animate Armour           Summ/Erth      0%         N/A       100%        4
 Petrify                  Tmut/Erth      0%         N/A       100%        4
 Irradiate                Conj/Tmut      0%         3d11      100%        5
 Lehudib's Crystal Spear  Conj/Erth      0%         10d2      100%        8
 Sublimation of Blood     Necr           Unusable   N/A       N/A         2

Dungeon Overview and Level Annotations

Branches:
Dungeon (8/15)             Temple (1/1) D:4
   Lair: D:8-11

Altars:
Cheibriados
Elyvilon
Fedhas
Hepliaklqana
Kikubaaqudgha
Makhleb
Nemelex Xobeh
Ru
Sif Muna
Trog
Uskayaw
Wu Jian
Xom
Yredelemnul
Zin

Shops:
D:2 =   D:7 [


Innate Abilities, Weirdness & Mutations

You are immune to sickness and miasma.
Your stone body is resilient. (AC +7)
You are immune to poison.
You resist negative energy. (rN+)
You are resistant to electric shocks. (rElec)
You are resistant to unholy torment.
You are immune to petrification.


Message History

Your +0 morningstar glows red for a moment.
The killer bee buzzes angrily.
You block the killer bee's attack. The killer bee barely misses you.
The steam dragon breathes steam at you.
The ball of steam hits you but does no damage.
You feel better.
You are engulfed in a cloud of scalding steam.
* * * LOW HITPOINT WARNING * * *
You block the killer bee's attack. The killer bee barely misses you.
The steam dragon bites you but does no damage.
The steam dragon claws you but does no damage.
The orc priest looks satisfied for a moment.
You puncture the steam dragon!
The steam dragon is severely wounded.
You are engulfed in a cloud of scalding steam.
* * * LOW HITPOINT WARNING * * *
The killer bee stings you but does no damage. x2
The steam dragon bites you.
* * * LOW HITPOINT WARNING * * *
You block the steam dragon's attack.
The killer bee attacks as you move away!
The killer bee stings you.
* * * LOW HITPOINT WARNING * * *
The steam dragon attacks as you move away!
You block the steam dragon's attack. x2
You are engulfed in a cloud of scalding steam.
The killer bee is engulfed in a cloud of scalding steam.
You fade into invisibility!
The killer bee is engulfed in a cloud of scalding steam.
You block the killer bee's attack.
The killer bee stings you but does no damage.
The killer bee is engulfed in a cloud of scalding steam.
The killer bee stings you but does no damage.
The killer bee is engulfed in a cloud of scalding steam.
The killer bee stings you but does no damage.
The steam dragon breathes steam at you.
The ball of steam hits the killer bee!!
The killer bee dies!
The ball of steam hits you!
You die...

.# ... ... ...
#.. ... ##.###.#
.#.§§#..#
.....D§.#
#....§..#
.###.#####.#
.......@##.#
####.##y§Dy####..
# ###yo......
##########
#........###.#
...)[....#
######..o...
########.#
#...###.#
#####.## #...#
#....#.# #...# .#
#.###.## #...# .#
###.


You could see a steam dragon (unable to see you, catching breath), 3 killer
bees, an orc priest (unable to see you) and an orc (unable to see you).

Vanquished Creatures
  A two-headed ogre (D:7)
  A tengu warrior (D:8)
  A tengu conjurer (D:8)
  Grinder (D:5)
  Sigmund (D:5)
  2 wyverns
  The ghost of nago the Trooper, an amateur DjRe (D:4)
  The ghost of Ge0ff the Stinger, an amateur DsVM (D:4)
  A water moccasin (D:8)
  2 orc warriors
  A sky beast (D:7)
  A black bear (D:5)
  An ogre (D:6)
  A centaur (D:6)
  A phantom (D:7)
  Blork the orc (D:5)
  2 gnoll sergeants
  A scorpion (D:5)
  A bullfrog (D:6)
  A necrophage (D:6)
  5 wights
  A killer bee (D:8)
  A howler monkey (D:6)
  An orc priest (D:6)
  4 jellies
  2 gnoll boudas
  A hound (D:5)
  9 orc wizards
  Natasha (thrice) (D:3)
  Robin (D:3)
  24 gnolls
  7 adders
  A shadow imp (D:6)
  A white imp (D:6)
  3 ufetubi
  21 orcs
  8 ball pythons
  3 endoplasms
  5 giant cockroaches
  15 goblins
  4 hobgoblins (D:3)
  4 jackals (D:3)
  4 quokkas
  A bat (D:1)
  2 frilled lizards
  3 kobolds
157 creatures vanquished.

Vanquished Creatures (others)
  A killer bee (D:8)
1 creature vanquished.

Grand Total: 158 creatures vanquished

Notes
Turn   | Place    | Note
-------+----------+-------------------------------------------
     0 | D:1      | vineage the Gargoyle Fighter began the quest for the Orb.
     0 | D:1      | Reached XP level 1. HP: 14/14 MP: 1/1
   164 | D:1      | Reached XP level 2. HP: 19/19 MP: 2/2
   792 | D:2      | Found Nielus's Jewellery Emporium.
  1173 | D:3      | Reached XP level 3. HP: 24/24 MP: 3/3
  1225 | D:3      | Reached skill level 4 in Fighting
  1345 | D:3      | Noticed Natasha
  1358 | D:3      | Killed Natasha
  1359 | D:3      | Reached XP level 4. HP: 10/29 MP: 4/4
  1539 | D:3      | Noticed Robin
  1546 | D:3      | Killed Robin
  1767 | D:3      | Noticed Natasha
  1782 | D:3      | Killed Natasha
  1783 | D:3      | Reached XP level 5. HP: 21/34 MP: 5/5
  2073 | D:3      | Noticed Natasha
  2082 | D:3      | Killed Natasha
  2182 | D:4      | Found a staircase to the Ecumenical Temple.
  2231 | Temple   | Entered the Ecumenical Temple
  2416 | D:4      | Found a shimmering blue altar of Sif Muna.
  2416 | D:4      | Found an ancient bone altar of Kikubaaqudgha.
  2868 | D:4      | Found a runed translucent gate.
  2868 | D:4      | Found a runed translucent gate.
  2869 | D:4      | Found a runed translucent gate.
  2870 | D:4      | Noticed nago's ghost (amateur DjRe)
  2870 | D:4      | Noticed Ge0ff's ghost (amateur DsVM)
  3302 | D:4      | Killed Ge0ff's ghost
  3303 | D:4      | Reached skill level 5 in Fighting
  3303 | D:4      | Reached XP level 6. HP: 40/40 MP: 6/6
  3360 | D:4      | Killed nago's ghost
  3408 | D:5      | Entered Level 5 of the Dungeon
  3427 | D:4      | Reached XP level 7. HP: 36/45 MP: 7/7
  3593 | D:5      | Noticed Grinder
  3597 | D:5      | Paralysed by something for 2 turns
  3600 | D:5      | Paralysed by something for 3 turns
  3915 | D:5      | Paralysed by Grinder for 2 turns
  3923 | D:5      | Paralysed by Grinder for 3 turns
  3927 | D:5      | Killed Grinder
  3928 | D:5      | Reached skill level 6 in Fighting
  3928 | D:5      | Reached skill level 5 in Armour
  3928 | D:5      | Reached skill level 5 in Shields
  4015 | D:5      | Found a blossoming altar of Fedhas.
  4111 | D:5      | Noticed Blork the orc
  4117 | D:5      | Killed Blork the orc
  4183 | D:5      | Reached XP level 8. HP: 46/52 MP: 8/8
  4235 | D:5      | Reached skill level 7 in Fighting
  4243 | D:5      | Noticed Sigmund
  4252 | D:5      | HP: 2/53 [something/bolt of dispelling energy (13)]
  4264 | D:5      | Killed Sigmund
  5038 | D:5      | Found an ornate altar of the Wu Jian Council.
  5040 | D:5      | Found a sparkling altar of Nemelex Xobeh.
  5450 | D:6      | Reached skill level 8 in Fighting
  5456 | D:6      | Reached skill level 5 in Maces & Flails
  6114 | D:6      | Reached XP level 9. HP: 60/60 MP: 9/9
  6167 | D:6      | Found a white marble altar of Elyvilon.
  6469 | D:7      | Found Qoph's Armour Shop.
  6706 | D:7      | Noticed a two-headed ogre
  6720 | D:7      | HP: 3/60 [two-headed ogre/+0 giant club (4)]
  6730 | D:7      | Killed a two-headed ogre
  6731 | D:7      | Reached skill level 9 in Fighting
  7631 | D:7      | Reached skill level 10 in Fighting
  7739 | D:7      | Found a snail-covered altar of Cheibriados.
  7901 | D:8      | Noticed a tengu conjurer
  7902 | D:8      | Noticed a tengu warrior
  7908 | D:8      | Killed a tengu conjurer
  7909 | D:8      | Reached XP level 10. HP: 46/68 MP: 10/10
  7921 | D:8      | HP: 3/68 [tengu warrior/+0 glaive (1)]
  7923 | D:8      | Killed a tengu warrior
  8367 | D:8      | Found a sacrificial altar of Ru.
  8585 | D:8      | HP: 3/68 [killer bee (3)]
  8586 | D:8      | Killed from afar by a steam dragon

Illustrated notes

Levels and vault maps discovered:
D:1:      lemuel_arrival_muddy, layout_rooms
D:2:      layout_basic, serial_shops, shop_statue, minmay_misc_feat_iff,
          minmay_misc_feat_rugged
D:3:      layout_loops_cross, grunt_ministairs_4, dreamdust_wishing_well,
          uniq_natasha, uniq_robin
D:4:      layout_basic, chequers_temple_overflow_statue_of_worship,
          minmay_temple_entry_arrows, gammafunk_ghost_cemetery, moated_statue
D:5:      layout_basic, fedhas_altar_2, nicolae_overflow_hidden_temple,
          uniq_sigmund, uniq_grinder, uniq_blork_the_orc
D:6:      layout_gridville, kennysheep_mini_moat, mrwooster_statue_mirror,
          hangedman_minor_gate_pass
D:7:      layout_gridville, kennysheep_mini, serial_shops, nicolae_shop_crystal
D:8:      layout_loops_cross, lemuel_coloured_pillars_altar, vehumet_crystals,
          nicolae_wooded_promenade
Temple:   nicolae_temple_superstar

Skill      XL: |  1  2  3  4  5  6  7  8  9 10 |
---------------+-------------------------------+-----
Fighting       | 4 5 6 8 10 | 10.9
Armour         | 4 5 6 7 8 |  8.1
Shields        | 4 5 6 7 8 |  8.1
Maces & Flails | 3 4 5 6 |  6.9

Action                     |  1- 3 |  4- 6 |  7- 9 | 10-12 || total
---------------------------+-------+-------+-------+-------++-------
  Melee: Flail             |    95 |   111 |   383 |       ||   589
         Morningstar       |       |       |    40 |    99 ||   139
    Use: Scroll            |     1 |     6 |     5 |     2 ||    14
         Potion            |       |     1 |     6 |     3 ||    10
 Armour: Scale mail        |    31 |       |       |       ||    31
         Plate armour      |    46 |    76 |   389 |   138 ||   649
  Dodge: Dodged            |    36 |    20 |   118 |    42 ||   216
  Block: Buckler           |    29 |    17 |   140 |       ||   186
         Kite shield       |       |       |    11 |    93 ||   104

Table legend: (Time is in decaauts)
 A = Elapsed time spent in this place.
 B = Non-inter-level travel time spent in this place.
 C = Inter-level travel time spent in this place.
 D = Time resting spent in this place.
 E = Time spent auto-exploring this place.
 F = Levels seen in this place.
 G = Mean time per level.
                   A        B        C        D        E       F      G
               +--------+--------+--------+--------+--------+-----+--------+
         Total |   8810 |   8345 |    465 |   1640 |   5190 |   9 |  978.9 |
       Dungeon |   8648 |   8230 |    418 |   1640 |   5084 |   8 | 1081.0 |
        Temple |    161 |    114 |     47 |      0 |    106 |   1 |  161.0 |
               +--------+--------+--------+--------+--------+-----+--------+

Top non-repeatable levels by time:
     D:4: 1590 daAuts
     D:7: 1486 daAuts
     D:6: 1330 daAuts
     D:5: 1247 daAuts
     D:3: 1065 daAuts
     D:8: 748 daAuts
     D:2: 674 daAuts
     D:1: 505 daAuts
  Temple: 161 daAuts
